AoeStats
← nini1294

Fortress

510125340Analyzed
4v4 RM · 2d ago on Sep 29, 2026· 50m 27s· 8 players
Game mode
Random Map
Map size
Huge
Population
200
Speed
Normal
Resources
Standard
Victory
Conquest
Starting age
Dark Age
Ending age
Imperial Age
RankedLock teamsTeams togetherTeam positionsShared explorationLock speedFull tech treeHidden civsTurbo modeCheats
Victory
Defeat
🇮🇳 Turks · India
992
+12
🇮🇳 Ethiopians · India
975
+13
🇪🇸 Saxons · Spain
883
+17
🇮🇳 Franks · India
829
+19
🇨🇿 Cumans · Czechia
951
-17
🇨🇿 Vietnamese · Czechia
898
-15
🇨🇿 Burgundians · Czechia
889
-15
🇨🇿 Bulgarians · Czechia
879
-14
Furthad
0:53 Loom
2:46 Wheelbarrow
5:21 Double-Bit Axe
8:27 Feudal Age
13:23 Bow Saw
15:46 Castle Age
16:21 Gold Mining
18:00 Forging
17:56 Scale Barding Armor
17:54 Husbandry
17:20 Cavalier
17:44 Horse Collar
18:53 Heavy Plow
23:30 Gold Shaft Mining
22:49 Stone Mining
23:43 Iron Casting
23:29 Chain Barding Armor
25:04 Fletching
29:18 Caravan
31:20 Crop Rotation
39:49 Imperial Age
38:03 Bodkin Arrow
38:09 Padded Archer Armor
39:54 Burgundian Vineyards
41:50 Blast Furnace
41:27 Plate Barding Armor
41:24 Hand Cart
41:38 Ballistics
41:23 Paladin
42:57 Conscription
43:01 Town Watch
44:21 Chemistry
43:33 Masonry
43:35 Fortified Wall
45:52 Light Cavalry
46:54 Hussar
Juklik
8:23 Feudal Age
8:58 Double-Bit Axe
8:57 Horse Collar
9:21 Gold Mining
13:22 Stone Mining
14:59 Loom
15:37 Town Watch
18:57 Castle Age
17:58 Fletching
18:09 Padded Archer Armor
19:56 Wheelbarrow
21:14 Bodkin Arrow
21:35 Leather Archer Armor
24:09 Hand Cart
24:46 Heavy Plow
26:16 Town Patrol
28:46 Ballistics
28:23 Murder Holes
31:09 Imperial Age
29:58 Steppe Husbandry
31:06 Gold Shaft Mining
33:17 Elite Kipchak
34:23 Conscription
35:13 Parthian Tactics
34:54 Thumb Ring
43:37 Ring Archer Armor
48:08 Coinage
48:49 Bloodlines
49:22 Coinage
51:01 Banking
TiTanus21
0:56 Loom
8:48 Feudal Age
9:55 Double-Bit Axe
10:43 Horse Collar
15:15 Castle Age
13:53 Wheelbarrow
14:04 Fletching
15:25 Forging
16:52 Bow Saw
16:58 Gambesons
19:11 Bodkin Arrow
20:44 Scale Barding Armor
23:32 Iron Casting
23:34 Stirrups
24:33 Gold Mining
26:15 Murder Holes
26:56 Squires
26:42 Arson
27:18 Scale Mail Armor
28:49 Hand Cart
29:43 Ballistics
30:40 Padded Archer Armor
32:00 Stone Mining
35:27 Imperial Age
36:20 Chain Barding Armor
36:23 Elite Skirmisher
37:10 Thumb Ring
37:19 Onager
37:31 Pikeman
38:35 Conscription
39:41 Chain Mail Armor
39:50 Bracer
41:58 Elite Konnik
46:23 Imperial Skirmisher
48:27 Chemistry
DUR4 Charlie
0:30 Loom
8:19 Feudal Age
9:48 Double-Bit Axe
9:47 Horse Collar
13:05 Castle Age
12:44 Forging
13:19 Fletching
14:17 Bodkin Arrow
15:23 Wheelbarrow
14:34 Town Watch
14:55 Elite Skirmisher
23:34 Hand Cart
23:22 Padded Archer Armor
23:46 Ballistics
23:22 Murder Holes
23:56 Arson
24:11 Squires
28:04 Imperial Age
27:29 Bow Saw
28:05 Caravan
28:23 Gold Mining
28:24 Stone Mining
29:10 Bracer
29:46 Iron Casting
29:13 Scale Mail Armor
29:30 Leather Archer Armor
32:00 Two-Man Saw
31:45 Stone Shaft Mining
31:45 Paper Money
31:49 Chain Mail Armor
32:24 Ring Archer Armor
32:19 Elite Rattan Archer
35:36 Chemistry
34:03 Imperial Skirmisher
35:50 Elite Fire Lancer
40:41 Plate Mail Armor
PALI
7:36 Feudal Age
13:55 Castle Age
14:17 Double-Bit Axe
15:37 Bow Saw
15:11 Horse Collar
16:34 Gold Mining
21:40 Wheelbarrow
22:01 Gold Shaft Mining
21:16 Crossbowman
22:06 Thumb Ring
23:17 Hand Cart
25:36 Fletching
25:47 Padded Archer Armor
26:11 Caravan
27:55 Ballistics
27:54 Leather Archer Armor
27:35 Bodkin Arrow
27:55 Heavy Plow
34:39 Imperial Age
34:15 Squires
34:32 Forging
34:23 Scale Mail Armor
34:44 Shield Wall
37:05 Ring Archer Armor
37:14 Iron Casting
36:55 Chain Mail Armor
37:33 Elite Hearth Troop
37:58 Elite Varangian Guard
40:54 Bracer
41:25 Ring Archer Armor
41:25 Plate Mail Armor
45:07 Arson
Scorp1onK1ng7
6:40 Feudal Age
10:57 Castle Age
8:51 Double-Bit Axe
9:14 Horse Collar
13:11 Bow Saw
16:44 Loom
16:45 Town Watch
19:07 Wheelbarrow
18:58 Stone Mining
21:14 Hand Cart
21:57 Stone Shaft Mining
21:27 Heavy Plow
26:18 Imperial Age
24:47 Ballistics
25:00 Town Patrol
28:32 Chemistry
27:28 Murder Holes
29:12 Two-Man Saw
28:05 Fletching
28:16 Padded Archer Armor
28:27 Forging
28:17 Scale Mail Armor
28:52 Coinage
28:33 Guilds
29:21 Gold Mining
29:30 Halberdier
30:11 Squires
29:56 Arson
31:08 Torsion Engines
31:28 Conscription
30:39 Sappers
32:23 Iron Casting
32:03 Chain Mail Armor
31:44 Bodkin Arrow
32:05 Leather Archer Armor
32:54 Siege Engineers
33:32 Gold Shaft Mining
33:14 Masonry
34:06 Blast Furnace
35:14 Heavy Scorpion
38:31 Caravan
39:02 Banking
39:47 Bracer
40:18 Ring Archer Armor
40:19 Plate Mail Armor
39:55 Scale Barding Armor
51:27 Chain Barding Armor
VladTheImpaler
8:01 Feudal Age
9:19 Wheelbarrow
8:32 Double-Bit Axe
8:42 Gold Mining
14:15 Castle Age
12:56 Stone Mining
15:02 Forging
14:58 Scale Barding Armor
17:48 Gold Shaft Mining
20:07 Hand Cart
19:39 Loom
20:28 Bow Saw
21:34 Iron Casting
23:17 Husbandry
23:42 Chain Barding Armor
23:22 Scale Mail Armor
23:15 Fletching
23:27 Caravan
23:50 Squires
23:36 Gambesons
27:00 Ordonnance Companies
35:10 Imperial Age
32:27 Town Watch
33:00 Chain Mail Armor
34:27 Bodkin Arrow
34:56 Town Patrol
34:27 Pikeman
35:15 Halberdier
36:18 Conscription
39:58 Blast Furnace
39:28 Plate Mail Armor
39:34 Plate Barding Armor
39:27 Elite Throwing Axeman
40:11 Chivalry
40:12 Cavalier
41:32 Paladin
45:28 Murder Holes
45:44 Masonry
45:39 Siege Engineers
45:55 Ballistics
46:36 Chemistry
49:24 Coinage
nini1294
8:48 Feudal Age
10:24 Horse Collar
10:31 Double-Bit Axe
13:27 Castle Age
17:09 Imperial Age
19:01 Wheelbarrow
18:51 Loom
24:33 Bow Saw
26:12 Conscription
27:15 Caravan
27:35 Heavy Plow
28:58 Padded Archer Armor
29:25 Ballistics
29:17 Fortified Wall
30:33 Fletching
30:57 Masonry
31:04 Hand Cart
30:35 Town Watch
31:28 Leather Archer Armor
38:04 Ring Archer Armor
38:34 Bloodlines
38:25 Husbandry
38:44 Artillery
39:20 Hoardings
39:39 Scale Barding Armor
39:45 Forging
40:43 Chain Barding Armor
45:03 Plate Barding Armor
45:04 Iron Casting
46:54 Bombard Tower
Connection lost

Rejoining the realm…

Still unreachable

The connection could not be restored.

Session expired

The server has moved on; the page needs a fresh start.